 Dungeon Crawl Stone Soup version 0.21.1-1-g345015f (webtiles) character file.

77 theblackcape the Ruffian (level 4, -3/44 HPs)
             Began as a Troll Monk on July 9, 2018.
             Slain by Sigmund
             ... wielding a +3 scythe
              (7 damage)
             ... on level 2 of the Dungeon.
             The game lasted 00:03:33 (930 turns).

theblackcape the Ruffian (Troll Monk)                Turns: 930, Time: 00:03:34

Health: -3/44      AC:  5    Str: 20    XL:     4   Next: 13%
Magic:  3/3        EV:  8    Int: 10    God:
Gold:   35         SH:  7    Dex: 12    Spells: 3/3 levels left

rFire    x . .     SeeInvis .     - Unarmed
rCold    + . .     Gourm    +   o - +0 shield
rNeg     . . .     Faith    .   a - +0 robe
rPois    .         Spirit   .   (helmet restricted)
rElec    .         Reflect  .   (no cloak)
rCorr    .         Harm     .   (gloves unavailable)
MR       .....                  (boots unavailable)
Stlth    ++........             (no amulet)
HPRegen  0.54/turn              e - ring of ice
MPRegen  0.08/turn              i - +4 ring of intelligence

@: no status effects
A: large, unfitting armour, claws 3, fast metabolism 3, gourmand, regeneration
1, shaggy fur 1, tough skin 2
a: no special abilities


You were on level 2 of the Dungeon.
You were completely stuffed.

You visited 1 branch of the dungeon, and saw 2 of its levels.

You collected 35 gold pieces.

Inventory:

Armour
 a - a +0 robe (worn)
 o - a +0 shield (worn)
Jewellery
 e - a ring of ice (left claw)
 i - a +4 ring of intelligence (right claw)
 p - an uncursed ring of wizardry
Scrolls
 c - a scroll of remove curse
 d - a scroll of immolation {unknown}
 f - 2 scrolls of amnesia {unknown}
 l - a scroll of fear {unknown}
 m - a scroll of enchant weapon {unknown}
 n - a scroll of teleportation {unknown}
 q - a scroll of identify {unknown}
 r - a scroll of random uselessness {unknown}
Potions
 h - a potion of heal wounds {unknown}
 j - a potion of flight {unknown}
 k - a potion of lignification {unknown}
Comestibles
 b - 4 rations
 g - 2 chunks of flesh


   Skills:
 + Level 2.9 Fighting
 - Level 3.0 Dodging
 - Level 1.0 Stealth
 * Level 0.1 Shields
 + Level 4.0 Unarmed Combat


You had 3 spell levels left.
You didn't know any spells.

Dungeon Overview and Level Annotations

Branches:
Dungeon (2/15)

Altars:

Annotations:
D:2 Sigmund


Innate Abilities, Weirdness & Mutations

You are too large for most types of armour.
You have claws for hands.
Your metabolism is lightning-fast.
You like to eat raw meat.
Your natural rate of healing is unusually fast.
You are covered in fur. (AC +1)
You have very tough skin. (AC +2)


Message History

You are too injured to fight recklessly!
You are too injured to fight recklessly!
You are too injured to fight recklessly!
You are too injured to fight recklessly!
You are too injured to fight recklessly!
You are too injured to fight recklessly!
You closely miss Sigmund.
Sigmund is lightly wounded.
You block the giant cockroach's attack.
Sigmund hits you with an enchanted scythe!
* * * LOW HITPOINT WARNING * * *
Your shield prevents you from hitting Sigmund.
Sigmund is lightly wounded.
The giant cockroach bites you.
* * * LOW HITPOINT WARNING * * *
You claw Sigmund!
Sigmund is heavily wounded.
You block the giant cockroach's attack.
Sigmund hits you with an enchanted scythe!
You die...

#.######)...........##
#....................##
#..#.............†....#
#..(.........#.......#
####...........#.......#
.....#................##
###............#.??....#
##.............#.......#
...##<..........@......#
.##...#########.@s..%.##
#...### ##......#
#...... .....#..#
####### .....##)#
###.>.# ## ####


You could see Sigmund and a giant cockroach.

Vanquished Creatures
  Terence (D:2)
  An adder (D:2)
  A dart slug (D:2)
  A leopard gecko (D:2)
  A ball python (D:2)
  7 bats
  A giant cockroach (D:1)
  6 goblins (D:1)
  A hobgoblin (D:2)
  7 jackals (D:1)
  A frilled lizard (D:2)
  5 kobolds
  2 rats (D:1)
35 creatures vanquished.

Notes
Turn   | Place    | Note
-------+----------+-------------------------------------------
     0 | D:1      | theblackcape the Troll Monk began the quest for the Orb.
     0 | D:1      | Reached XP level 1. HP: 22/22 MP: 0/0
   207 | D:1      | Reached XP level 2. HP: 25/29 MP: 1/1
   512 | D:1      | Reached XP level 3. HP: 36/36 MP: 2/2
   862 | D:2      | Noticed Terence
   877 | D:2      | Killed Terence
   877 | D:2      | Reached XP level 4. HP: 33/44 MP: 3/3
   905 | D:2      | Reached skill level 4 in Unarmed Combat
   918 | D:2      | Noticed Sigmund
   930 | D:2      | Slain by Sigmund

Skill      XL: |  1  2  3  4 |
---------------+-------------+-----
Dodging        | 3 |  3.0
Unarmed Combat | 4 |  4.0
Fighting       | |  2.9
Stealth        | |  1.0
Shields        | |  0.1

Action                   |  1- 3 |  4- 6 || total
-------------------------+-------+-------++-------
Melee: Unarmed           |    86 |    20 ||   106
       Punch             |     1 |       ||     1
  Use: Scroll            |     1 |       ||     1
 Stab: Sleeping          |     1 |       ||     1
  Eat: Chunk             |    13 |     1 ||    14
Armor: Robe              |    34 |     5 ||    39
Dodge: Dodged            |    51 |     7 ||    58
Block: Shield            |       |    10 ||    10
